 Dungeon Crawl Stone Soup version 0.26-a0-667-g92642533e4 (webtiles) character file.

Game seed: 8517813868871855628

100 Conn the Firebug (level 4, 0/27 HPs)
             Began as an Octopode Fire Elementalist on Oct 18, 2020.
             Was an Initiate of Sif Muna.
             Killed from afar by Sigmund (8 damage)
             ... with a magic dart
             ... on level 2 of the Dungeon.
             The game lasted 00:07:53 (2012 turns).

Conn the Firebug (Octopode Fire Elementalist)       Turns: 2012, Time: 00:07:54

Health: 0/27       AC:  1    Str:  7    XL:     4   Next: 73%
Magic:  3/7        EV: 14    Int: 18    God:    Sif Muna [......]
Gold:   86         SH:  0    Dex: 16    Spells: 0/7 levels left

rFire    . . .     SeeInvis .   c - +0 short sword
rCold    . . .     Faith    .   (no shield)
rNeg     . . .     Spirit   .   (helmet restricted)
rPois    .         Reflect  .   (no amulet)
rElec    .         Harm     .   (no ring)
rCorr    .         Rampage  .   (no ring)
MR       .....                  (no ring)
Stlth    ++++......             (no ring)
HPRegen  0.09/turn              (no ring)
MPRegen  0.10/turn              (no ring)
                                (no ring)
                                (no ring)

@: brilliant, invisible
A: almost no armour, stealthy swim, amphibious, 8 rings, constrict 8, antennae
1, camouflage 1, agile 2, gelatinous body 1, evolution 2
a: Renounce Religion


You were on level 2 of the Dungeon.
You worshipped Sif Muna.
Sif Muna was noncommittal.
You visited 1 branch of the dungeon, and saw 2 of its levels.

You collected 86 gold pieces.

Inventory:

Hand Weapons
 c - a +0 short sword (weapon)
Missiles
 e - 28 poisoned darts (quivered)
 k - 44 sling bullets
Armour
 b - a +0 kite shield
Wands
 l - a wand of flame (11)
Scrolls
 a - 3 scrolls of remove curse {unknown}
 i - a scroll of enchant weapon {unknown}
 j - a scroll of identify {unknown}
 n - 2 scrolls of random uselessness {unknown}
 o - a scroll of amnesia {unknown}
 p - a scroll of fog {unknown}
Potions
 f - a potion of lignification {unknown}
 g - a potion of mutation
 m - a potion of flight {unknown}
 q - a potion of degeneration {unknown}


   Skills:
 + Level 0.1 Fighting
 + Level 1.3 Short Blades
 + Level 2.2 Dodging
 + Level 3.5 Stealth
 + Level 2.4 Spellcasting
 + Level 1.5 Conjurations
 + Level 4.0 Fire Magic


You couldn't memorise any spells.
You knew the following spells:

 Your Spells              Type           Power        Failure   Level
a - Foxfire               Conj/Fire      ###.         5%          1
b - Conjure Flame         Conj/Fire      ###.....     17%         3
c - Inner Flame           Hex/Fire       ##......     22%         3

Your spell library contained the following spells:

 Spells                   Type           Power        Failure   Level
 Sticky Flame             Conj/Fire      ###.....     50%         4
 Fireball                 Conj/Fire      ###.......   83%         5


Dungeon Overview and Level Annotations

Branches:
Dungeon (2/15)

Altars:
Ashenzari
Dithmenos
Gozag
Ru
Sif Muna
Trog
Wu Jian

Annotations:
D:2 Sigmund


Innate Abilities, Weirdness & Mutations

You cannot wear most types of armour.
You are very stealthy in the water. (Stealth+)
You are amphibious.
You can wear up to eight rings at the same time.
You can use your tentacles to constrict eight enemies at once.
Your skin changes colour to match your surroundings (Stealth+).
Your rubbery body absorbs attacks. (AC +1, EV +1)
You have a pair of small antennae on your head.
You are very agile. (Dex +4)
You rapidly evolve.


Message History

The magic dart hits you.
A puff of flame appears from out of thin air!
The puff of flame hits you.
* * * LOW HITPOINT WARNING * * *
Okay, then.
Okay, then.
It was a potion of brilliance.
You feel clever all of a sudden.
Okay, then.
Unknown command.
Unknown command.
Casting: Conjure Flame (quite dangerous; 17% risk of failure)
Confirm with . or Enter, or press ? or * to list all spells.
Okay, then.
You fade into invisibility!
The goblin hits you.
* * * LOW HITPOINT WARNING * * *
A magic dart appears from out of thin air!
The magic dart hits you!
You die...

#.......#.....##.
#..####.#.....#..
#...[# #.....#.#
#.##.# .#....##.#
####.##.##.#...##...
#..........#...#_...
#.#..##..########...
#.........# ##.#
###@......## ##.#
#.g##{.....## ##.#.[
#....##..†..##...##.
#.##.$.##.#.......##
#..................#
#...##....#........#
#.........#...?#####
#.....#....#...#
#.......#..#.......


You could see a goblin.

Vanquished Creatures
  Jessica (D:2)
  3 adders (D:2)
  2 leopard geckos
  3 giant cockroaches
  7 goblins
  6 hobgoblins
  8 bats
  4 frilled lizards (D:1)
  3 kobolds
  7 rats
44 creatures vanquished.

Vanquished Creatures (others)
  82 foxfires
82 creatures vanquished.

Grand Total: 126 creatures vanquished

Notes
Turn   | Place    | Note
-------+----------+-------------------------------------------
     0 | D:1      | Conn the Octopode Fire Elementalist began the quest for the
                  | Orb.
     0 | D:1      | Reached XP level 1. HP: 11/11 MP: 3/3
   123 | D:1      | Reached XP level 2. HP: 17/17 MP: 1/5
   472 | D:1      | Reached XP level 3. HP: 21/21 MP: 4/6
   489 | D:1      | Learned a level 3 spell: Conjure Flame
   945 | D:2      | Noticed Jessica
   961 | D:2      | Gained mutation: You are agile. (Dex +2) [potion of
                  | mutation]
   961 | D:2      | Gained mutation: You evolve. [potion of mutation]
   961 | D:2      | Gained mutation: You rapidly evolve. [potion of mutation]
   961 | D:2      | Gained mutation: You are very agile. (Dex +4) [potion of
                  | mutation]
   966 | D:2      | Killed Jessica
   966 | D:2      | Reached XP level 4. HP: 2/27 MP: 3/7
  1106 | D:2      | Reached skill level 1 in Short Blades
  1342 | D:2      | Reached skill level 4 in Fire Magic
  1527 | D:2      | Learned a level 3 spell: Inner Flame
  1715 | D:2      | Found a shadowy altar of Dithmenos.
  1754 | D:2      | Found a broken altar of Ashenzari.
  1861 | D:2      | Found a sacrificial altar of Ru.
  1861 | D:2      | Found an ornate altar of the Wu Jian Council.
  1867 | D:2      | Found a shimmering blue altar of Sif Muna.
  1869 | D:2      | Found an opulent altar of Gozag.
  1870 | D:2      | Found a bloodstained altar of Trog.
  1873 | D:2      | Became a worshipper of Sif Muna the Loreminder
  1979 | D:2      | Gained mutation: You have a pair of small antennae on your
                  | head. [evolution]
  1986 | D:2      | Noticed Sigmund
  2012 | D:2      | Killed from afar by Sigmund

Illustrated notes

Levels and vault maps discovered:
D:1:      sevenhm_arrival_forest_fort_small_6, layout_basic
D:2:      layout_loops_cross, grunt_dithmenos_smoke_and_mirrors,
          ashenzari_altar_1, chequers_temple_overflow_minitemple,
          hangedman_decor_peaks_small, uniq_sigmund, uniq_jessica

Skill      XL: |  1  2  3  4 |
---------------+-------------+-----
Stealth        | 3 |  3.5
Short Blades   | 1 |  1.3
Fire Magic     | 4 |  4.0
Fighting       | |  0.1
Dodging        | |  2.2
Spellcasting   | |  2.4
Conjurations   | |  1.5

Action                   |  1- 3 |  4- 6 || total
-------------------------+-------+-------++-------
Melee: Short sword       |    17 |     5 ||    22
       Constrict         |     3 |     1 ||     4
       Tentacles         |     2 |     1 ||     3
 Cast: Foxfire           |    27 |    22 ||    49
       Conjure Flame     |     1 |     1 ||     2
  Use: Potion            |     3 |     2 ||     5
 Stab: Sleeping          |     3 |     1 ||     4
       Invisible         |     1 |       ||     1
Armor: Skin              |     4 |     4 ||     8
Dodge: Dodged            |    36 |    17 ||    53

Table legend: (Time is in decaauts)
 A = Elapsed time spent in this place.
 B = Non-inter-level travel time spent in this place.
 C = Inter-level travel time spent in this place.
 D = Time resting spent in this place.
 E = Time spent auto-exploring this place.
 F = Levels seen in this place.
 G = Mean time per level.
                   A        B        C        D        E       F      G
               +--------+--------+--------+--------+--------+-----+--------+
         Total |   2013 |   1998 |     15 |    410 |    965 |   2 | 1006.5 |
       Dungeon |   2013 |   1998 |     15 |    410 |    965 |   2 | 1006.5 |
               +--------+--------+--------+--------+--------+-----+--------+

Top non-repeatable levels by time:
     D:2: 1082 daAuts
     D:1: 930 daAuts
